 Dungeon Crawl Stone Soup version 0.29-a0-317-gd16b76e6b1 (webtiles) character file.

Game seed: 12868407225841355595

0 Dabor the Covered (level 1, -3/14 HPs)
             Began as a Gargoyle Fighter on Mar 30, 2022.
             Slain by a quokka (4 damage)
             ... on level 1 of the Dungeon.
             The game lasted 00:00:05 (38 turns).

Dabor the Covered (Gargoyle Fighter)                  Turns: 38, Time: 00:00:05

Health: -3/14      AC:  9    Str: 19    XL:     1   Next: 10%
Magic:  1/1        EV:  9    Int:  8    God:
Gold:   13         SH:  4    Dex:  9    Spells: 0/0 levels left

rFire   . . .      SeeInvis .   a - +0 flail
rCold   . . .      Faith    .   c - +0 buckler
rNeg    + . .      Spirit   .   b - +0 scale mail
rPois   ∞          Reflect  .   (no helmet)
rElec   +          Harm     .   (no cloak)
rCorr   .          Rampage  .   (no gloves)
Will    .....                   (no boots)
Stlth   ..........              (no amulet)
HPRegen 0.04/turn               (no ring)
MPRegen 0.07/turn               (no ring)

@: no status effects
A: sickness immunity, AC +2, negative energy resistance 1, electricity
resistance, torment resistance 1, petrification resistance
a: no special abilities


You were on level 1 of the Dungeon.
You visited 1 branch of the dungeon, and saw 1 of its levels.

You collected 13 gold pieces.

Inventory:

Hand Weapons
 a - a +0 flail (weapon)
Armour
 b - a +0 scale mail (worn)
 c - a +0 buckler (worn)
Potions
 d - a potion of might


   Skills:
 + Level 3.3 Fighting
 + Level 2.0 Maces & Flails
 + Level 3.3 Armour
 + Level 3.3 Shields


You couldn't memorise any spells.
You didn't know any spells.
Your spell library was empty.

Dungeon Overview and Level Annotations

Branches:
Dungeon (1/15)

Altars:


Innate Abilities, Weirdness & Mutations

You are immune to sickness and miasma.
Your stone body is resilient. (AC +2)
You are immune to poison.
You resist negative energy. (rN+)
You are resistant to electric shocks. (rElec)
You are resistant to unholy torment.
You are immune to petrification.


Message History

There are monsters nearby!
You are too injured to fight recklessly!
There are monsters nearby!
You are too injured to fight recklessly!
There are monsters nearby!
You are too injured to fight recklessly!
There are monsters nearby!
You are too injured to fight recklessly!
There are monsters nearby!
You are too injured to fight recklessly!
There are monsters nearby!
You are too injured to fight recklessly!
There are monsters nearby!
You are too injured to fight recklessly!
There are monsters nearby!
You are too injured to fight recklessly!
There are monsters nearby!
You are too injured to fight recklessly!
There are monsters nearby!
You are too injured to fight recklessly!
There are monsters nearby!
You are too injured to fight recklessly!
There are monsters nearby!
You are too injured to fight recklessly!
There are monsters nearby!
You sock the frilled lizard!
You kill the frilled lizard!
The quokka bites you but does no damage.
The quokka bites you.
* * * LOW HITPOINT WARNING * * *
You miss the quokka.
The quokka bites you but does no damage. x2
You closely miss the quokka. The quokka barely misses you.
You barely miss the quokka.
The quokka bites you but does no damage.
The quokka closely misses you.
You hit the quokka but do no damage.
The quokka bites you but does no damage.
The quokka bites you.
You die...

#...........
....>......
####........#
#..#........#.
..............
#######.#...........
#..)....##...r....#
#.......###.@##..#
+.......#.#.....#
.......#.#....##
...#####.....#....#
..................+
...#####.#####....#
.....###.#####....#
#...#..........#
#....#######...#


You could see a quokka.

Vanquished Creatures
  A frilled lizard (D:1)
1 creature vanquished.

Notes
Turn   | Place    | Note
-------+----------+-------------------------------------------
     0 | D:1      | Dabor the Gargoyle Fighter began the quest for the Orb.
     0 | D:1      | Reached XP level 1. HP: 14/14 MP: 1/1
    38 | D:1      | Slain by a quokka

Illustrated notes

Levels and vault maps discovered:
D:1:      ebering_trefoil_3fold, layout_basic, chequers_ecumenical_altar_island,
          minmay_misc_feat_hallway, st_stairs_5

Action                   || total
-------------------------++-------
Melee: Flail             ||    10
Armor: Scale mail        ||     7
Dodge: Dodged            ||     7
Block: Buckler           ||     3

Table legend: (Time is in decaauts)
 A = Elapsed time spent in this place.
 B = Non-inter-level travel time spent in this place.
 C = Inter-level travel time spent in this place.
 D = Time resting spent in this place.
 E = Time spent auto-exploring this place.
 F = Levels seen in this place.
 G = Mean time per level.
                   A        B        C        D        E       F      G
               +--------+--------+--------+--------+--------+-----+--------+
         Total |     41 |     41 |      0 |      0 |     24 |   1 |   41.0 |
       Dungeon |     41 |     41 |      0 |      0 |     24 |   1 |   41.0 |
               +--------+--------+--------+--------+--------+-----+--------+

Top non-repeatable levels by time:
     D:1: 41 daAuts
